 Dungeon Crawl Stone Soup version 0.21.1-1-g345015f (webtiles) character file.

87378 inmateoo the Summoner (level 15, 0/125 HPs)
             Began as a Demonspawn Summoner on Feb 8, 2018.
             Was a High Priest of Vehumet.
             Slain by a jumping spider (2 damage)
             ... on level 1 of the Spider Nest.
             The game lasted 01:08:02 (26643 turns).

inmateoo the Summoner (Demonspawn Summoner)        Turns: 26643, Time: 01:08:03

Health: 0/125      AC: 16    Str: 10      XL:     15   Next: 43%
Magic:  0/29       EV:  8    Int: 21      God:    Vehumet [*****.]
Gold:   1151       SH:  0    Dex: 13 (14) Spells: 0/34 levels left

rFire    + . .     SeeInvis .   t - +2 halberd (venom)
rCold    + . .     Gourm    .   (shield currently unavailable)
rNeg     . . .     Faith    .   C - +2 ring mail {rC+}
rPois    +         Spirit   +   m - +2 helmet
rElec    .         Reflect  .   X - +0 cloak (curse)
rCorr    .         Harm     .   a - +2 pair of gloves
MR       +....                  V - +1 pair of boots
Stlth    ++........             Y - amulet of regeneration
HPRegen  0.70/turn              y - ring of poison resistance
MPRegen  0.21/turn              J - ring of wizardry

@: lethally poisoned (0 -> 0), flying, held, studying Necromancy
A: hooves 2, large bone plates 3, fire resistance 1, powered by death 1, magic
shield, flame cloud immunity
a: Renounce Religion


You were on level 1 of the Spider Nest.
You worshipped Vehumet.
Vehumet was extremely pleased with you.
You were not hungry.

You visited 5 branches of the dungeon, and saw 25 of its levels.
You also visited: Ossuary and Ice Cave.

You collected 2660 gold pieces.
You spent 1509 gold pieces at shops.

Inventory:

Hand Weapons
 t - a +2 halberd of venom (weapon)
 N - a +0 bardiche of flaming
Armour
 a - a +2 pair of gloves (worn)
 m - a +2 helmet (worn)
 C - a +2 ring mail of cold resistance (worn)
 Q - a +0 buckler
 V - a +1 pair of boots (worn)
 X - a cursed +0 cloak (worn)
Jewellery
 p - an uncursed ring of protection from fire
 r - an uncursed ring of protection from cold
 y - a ring of poison resistance (left hand)
 J - a ring of wizardry (right hand)
 R - an uncursed ring of see invisible
 Y - an amulet of regeneration (around neck)
Wands
 u - a wand of acid (30)
 w - a wand of flame (39)
 E - a wand of enslavement (23)
 F - a wand of polymorph (8)
 I - a wand of iceblast (10)
 O - a wand of random effects (47)
 P - a wand of digging (28)
 S - a wand of disintegration (16)
Scrolls
 d - 4 scrolls of teleportation
 f - 14 scrolls of remove curse
 i - 7 scrolls of fog
 j - 8 scrolls of magic mapping
 x - 3 scrolls of enchant weapon
 B - 4 scrolls of identify
 G - 8 scrolls of enchant armour
 L - 5 scrolls of blinking
 T - a scroll of summoning
Potions
 h - 4 potions of mutation
 k - 2 potions of invisibility
 l - 3 potions of brilliance
 n - a potion of cancellation
 o - 3 potions of agility
 q - 9 potions of flight
 s - 10 potions of curing
 v - 5 potions of haste
 A - 5 potions of might
 D - 2 potions of ambrosia
 H - 4 potions of heal wounds
Books
 b - a book of Callings

   Spells                             Type                      Level
   a - Summon Small Mammal            Summoning                    1
   b - Call Imp                       Summoning                    2
   c - Call Canine Familiar           Summoning                    3
   d - Summon Guardian Golem          Hexes/Summoning              3
   e - Summon Lightning Spire         Summoning/Air                4
   f - Summon Ice Beast               Ice/Summoning                4
 g - a manual of Necromancy
 K - a Grand Grimoire

   Spells                             Type                      Level
   a - Monstrous Menagerie            Summoning                    7
   b - Summon Greater Demon           Summoning                    7
   c - Malign Gateway                 Summoning/Translocation      7
   d - Summon Horrible Things         Summoning                    8
 M - a book of Misfortune

   Spells                             Type                      Level
   a - Confusing Touch                Hexes                        1
   b - Confuse                        Hexes                        3
   c - Gell's Gravitas                Translocation                3
   d - Petrify                        Transmutation/Earth          4
   e - Metabolic Englaciation         Hexes/Ice                    5
   f - Yara's Violent Unravelling     Hexes/Transmutation          5
 U - a book of Summonings

   Spells                             Type                      Level
   a - Recall                         Summoning/Translocation      3
   b - Aura of Abjuration             Summoning                    5
   c - Summon Demon                   Summoning                    5
   d - Summon Forest                  Summoning/Translocation      5
   e - Summon Mana Viper              Hexes/Summoning              5
   f - Shadow Creatures               Summoning                    6
 W - a book of Spatial Translocations

   Spells                             Type                      Level
   a - Blink                          Translocation                2
   b - Shroud of Golubria             Charms/Translocation         2
   c - Lesser Beckoning               Translocation                3
   d - Gell's Gravitas                Translocation                3
   e - Teleport Other                 Translocation                3
   f - Passage of Golubria            Translocation                4
 Z - a book of the Sky

   Spells                             Type                      Level
   a - Summon Lightning Spire         Summoning/Air                4
   b - Silence                        Hexes/Air                    5
   c - Deflect Missiles               Charms/Air                   6
   d - Conjure Ball Lightning         Conjuration/Air              6
   e - Tornado                        Air                          9
Comestibles
 c - 39 rations


   Skills:
 + Level 13.9 Fighting
 + Level 7.2 Polearms
 + Level 9.4 Dodging
 - Level 4.0 Stealth
 - Level 10.0 Spellcasting
 + Level 13.9 Summonings
 - Level 5.0 Air Magic
 - Level 8.0 Evocations


You couldn't memorise any spells.
You knew the following spells:

 Your Spells              Type           Power        Failure   Level  Hunger
a - Summon Forest         Summ/Tloc      #####.....   11%         5    ####...
b - Call Imp              Summ           ######..     1%          2    None
c - Call Canine Familiar  Summ           ######..     1%          3    None
d - Summon Ice Beast      Ice/Summ       #####...     4%          4    ##.....
e - Summon Lightning Spi  Summ/Air       ######..     1%          4    ##.....
f - Shock                 Conj/Air       ###.         1%          1    None
g - Monstrous Menagerie   Summ           ######....   17%         7    #######
h - Summon Horrible Thin  Summ           ######....   77%         8    #######


Dungeon Overview and Level Annotations

Branches:
Dungeon (15/15)            Temple (1/1) D:6            Lair (6/6) D:9
  Swamp (0/4) Lair:2       Spider (1/4) Lair:2        Slime (0/5) Lair:6
    Orc (2/2) D:11            Elf (0/3) Orc:2        Vaults (0/5) D:13
 Depths (0/5) D:15

Altars:
Ashenzari
Cheibriados
Dithmenos
Elyvilon
Fedhas
Gozag
Hepliaklqana
Kikubaaqudgha
Makhleb
Nemelex Xobeh
Okawaru
Qazlal
Ru
Sif Muna
Trog
Uskayaw
Vehumet
Wu Jian
Xom
Yredelemnul
Zin
The Shining One

Shops:
D:5 (?   D:6 ?   D:10 :   D:14 :   Orc:2 (%*:[


Innate Abilities, Weirdness & Mutations

You have hoof-like feet.
You are completely covered in large bone plates. (SH +8)
Your flesh is heat resistant. (rF+)
You regenerate a little health from kills.
When hurt, damage is shared between your health and your magic reserves.
You are immune to clouds of flame.


Message History

The jumping spider pounces on you.
* * * LOW HITPOINT WARNING * * *
You are even more entangled.
The jumping spider bites you.
* * * LOW HITPOINT WARNING * * *
Unknown command.
You feel much better. The jumping spider pounces on you!
* * * LOW HITPOINT WARNING * * *
The jumping spider bites you but does no damage.
Unknown command.
Unknown command.
You struggle to detach yourself from the web.
The jumping spider pounces on you!
* * * LOW HITPOINT WARNING * * *
You are even more entangled.
The jumping spider bites you but does no damage.
The orb spider weaves a glowing orb of energy.
The jumping spider barely misses you.
The jumping spider bites you but does no damage.
The jumping spider pounces on you.
You die...

#############
#...........#
##..#.......###
#..#...##..##.####
##...###..##.....# ####
##..#...#....[#."..
#..###.#..#..#.##..###..
##(....ss#.#..#....[#
##.
#^^#...#@.†#..#.#.†###
#.
##.s.###.##..#...#††.#
#. ###.##.§^#..#.####†.#
##
##....*.#..#.##...<.## #
#...#s.##..#........# #
#..#..##..###.^###.## #
#..#....### #### ### ##
#...#..(.## ##>
...##..##..###### ##..


You could see an orb spider and 2 jumping spiders.

Vanquished Creatures
  An orc warlord (Orc:2)
  A ghost moth (Spider:1)
  Nessos (D:15)
  Snorg (D:11)
  The ghost of Lanoc the Carver, a journeyman MiBe of Trog (D:12)
  Fannar (D:11)
  3 hydras
  A two-headed ogre (D:8)
  4 centaur warriors
  3 death yaks (Lair:6)
  A tengu warrior (D:13)
  An orc high priest (Orc:2)
  Pikel (D:4)
  2 orc knights
  A lindwurm (Lair:6)
  3 ugly things
  An orc sorcerer (Orc:2)
  An orb spider (Spider:1)
  2 deep elf magi
  3 wolf spiders
  2 manticores
  An elephant (Lair:4)
  A centaur skeleton (D:13)
  2 black mambas
  4 spiny frogs
  3 kobold demonologists
  3 komodo dragons
  4 jumping spiders (Spider:1)
  5 trolls
  8 blink frogs
  Prince Ribbit (Lair:2)
  A dream sheep (Lair:6)
  3 hippogriffs
  A shadow (D:12)
  3 redbacks (Spider:1)
  A wyvern (Lair:6)
  A tarantella (Spider:1)
  24 yaks
  A basilisk (Lair:3)
  The ghost of ceb the Skirmisher, an amateur HOFi (D:4)
  A spriggan (D:10)
  2 wraiths (D:15)
  Eustachio (D:6)
  2 steam dragons (Lair:6)
  A swamp worm (Lair:2)
  A vampire mosquito (D:15)
  2 wargs
  A soldier ant (D:10)
  4 water moccasins
  3 porcupines (Lair:2)
  16 orc warriors
  A sky beast (D:12)
  A swamp drake (Lair:6)
  A necrophage (D:12)
  An eye of draining (D:13)
  6 ice beasts
  2 ogres
  4 centaurs
  4 crocodiles
  4 wolves
  2 big kobolds
  10 bullfrogs
  A scorpion (D:7)
  3 killer bees (D:11)
  A vampire bat (Orc:2)
  A wight (D:12)
  2 howler monkeys
  4 crimson imps
  5 centaur zombies
  3 hounds
  2 bullfrog zombies (Ossuary)
  2 jellies
  8 orc priests
  5 orc wizards
  4 iguanas
  5 worker ants
  5 mummies (Ossuary)
  2 worker ant zombies (Ossuary)
  A gnoll (D:5)
  A howler monkey skeleton (D:9)
  5 adders
  3 shadow imps
  An ooze (D:4)
  4 adder zombies (Ossuary)
  2 leopard geckos
  33 orcs
  6 bats
  2 giant cockroaches
  A quokka (D:2)
  A frilled lizard (D:2)
  A giant cockroach zombie (Ossuary)
  A goblin (D:1)
  4 kobolds
  A rat (D:2)
  A plant (Lair:6)
294 creatures vanquished.

Vanquished Creatures (collateral kills)
  A dire elephant (Lair:6)
  The ghost of Lejonmanen the Thaumaturge, a journeyman DEEE of Vehumet (D:12)
  A fire dragon (Lair:6)
  A yaktaur captain (D:15)
  Josephine (D:15)
  Harold (Lair:3)
  The ghost of cada the Grappler, a journeyman NaTm of Cheibriados (D:11)
  7 hydras
  A catoblepas (Lair:6)
  4 centaur warriors
  4 two-headed ogres
  6 death yaks (Lair:6)
  An orc high priest (Orc:2)
  Urug (D:12)
  Sonja (D:15)
  A swamp dragon (Lair:6)
  A deep elf archer (D:13)
  A wolf spider zombie (D:14)
  2 orc knights (Orc:2)
  5 ugly things
  An oklob plant (Lair:6)
  2 wolf spiders (Spider:1)
  3 orc sorcerers (Orc:2)
  An orb spider (Spider:1)
  3 cyclopes
  2 manticores
  2 deep elf magi (D:13)
  6 elephants
  A centaur skeleton (D:11)
  4 black mambas
  A gargoyle (D:12)
  9 spiny frogs
  A yaktaur (D:15)
  A freezing wraith (D:15)
  3 kobold demonologists
  3 komodo dragons
  3 jumping spiders
  3 trolls
  3 meliai (D:14)
  7 hippogriffs
  8 dream sheep (Lair:6)
  2 polar bears (D:12)
  8 blink frogs
  A vampire (D:14)
  2 redbacks
  A tarantella (Spider:1)
  4 wraiths
  Sigmund (D:3)
  A steam dragon (Lair:6)
  3 wyverns
  21 yaks
  A basilisk (Lair:4)
  2 vampire mosquitoes (D:15)
  Menkaure (D:4)
  An acid dragon (Lair:6)
  A soldier ant (D:15)
  A warg (Orc:1)
  5 swamp worms (Lair:2)
  12 water moccasins
  Duvessa (D:4)
  A swamp drake (Lair:6)
  5 porcupines
  8 ice beasts
  2 phantoms
  3 black bears
  A hornet zombie (D:14)
  17 orc warriors
  A sky beast (D:6)
  5 wolves
  2 necrophages
  10 ogres
  11 centaurs
  8 crocodiles
  6 big kobolds
  9 bullfrogs
  2 wyvern zombies
  Dowan (D:5)
  2 scorpions
  A water moccasin skeleton (D:10)
  6 wights (D:12)
  5 howler monkeys
  5 electric eels
  3 centaur zombies (Ossuary)
  5 crimson imps
  A quasit (D:12)
  10 orc priests
  A hound (D:7)
  A jelly (D:3)
  An iguana (Lair:6)
  10 orc wizards
  4 worker ants
  6 hell rats (Lair:4)
  A killer bee zombie (Ossuary)
  3 hound zombies
  8 mummies (Ossuary)
  A howler monkey skeleton (D:10)
  10 adders
  A gnoll (D:5)
  3 shadow imps
  An ooze (D:1)
  3 adder zombies
  3 worms
  2 dart slugs
  3 leopard geckos
  35 orcs
  2 ball pythons (D:2)
  5 giant cockroaches
  8 goblins
  6 hobgoblins
  6 jackals
  A quokka (D:7)
  7 bats
  4 frilled lizards
  A jackal zombie (Ossuary)
  19 kobolds
  A leopard gecko zombie (Ossuary)
  7 rats
  A bush (Lair:4)
  11 fungi
  25 plants
509 creatures vanquished.

Vanquished Creatures (others)
  A wizard (D:14)
  A slave (D:5)
  A human (D:3)
  A hound (D:5)
  An iguana (Lair:6)
  2 gnolls (D:5)
  An orc (D:5)
  A frilled lizard (D:5)
  14 fungi
  49 plants
  A snaplasher vine (Lair:4)
  2 withered plants (Ossuary)
75 creatures vanquished.

Grand Total: 878 creatures vanquished

Notes
Turn   | Place    | Note
-------+----------+-------------------------------------------
     0 | D:1      | inmateoo the Demonspawn Summoner began the quest for the Orb.
     0 | D:1      | Reached XP level 1. HP: 13/13 MP: 3/3
     0 | D:1      | Noticed a shadow dragon
     0 | D:1      | Noticed an ice dragon
     0 | D:1      | Noticed an iron dragon
     2 | D:1      | Noticed a shadow dragon
     4 | D:1      | Noticed a shadow dragon
     6 | D:1      | Noticed an orb of fire
     8 | D:1      | Noticed a red draconian
     9 | D:1      | Noticed a large abomination
    12 | D:1      | Noticed a red draconian
    12 | D:1      | Noticed a large abomination
    14 | D:1      | Noticed a shadow dragon
    14 | D:1      | Noticed a tentacled monstrosity
    15 | D:1      | Noticed a green draconian
    16 | D:1      | Noticed a large abomination
    16 | D:1      | Noticed an orb of fire
    18 | D:1      | Noticed an orb of fire
    18 | D:1      | Noticed a tentacled monstrosity
    22 | D:1      | Noticed an ice dragon
   428 | D:1      | Gained mutation: You are partially covered in large bone plates. (SH +4) [demonic ancestry]
   428 | D:1      | Reached XP level 2. HP: 17/20 MP: 5/5
   432 | D:1      | Learned a level 2 spell: Call Imp
  1296 | D:2      | Reached XP level 3. HP: 15/25 MP: 2/6
  1325 | D:2      | Reached skill level 1 in Fighting
  1694 | D:2      | Found an opulent altar of Gozag.
  1745 | D:2      | Found a shattered altar of Ashenzari.
  2335 | D:3      | Found an ancient bone altar of Kikubaaqudgha.
  2565 | D:2      | Learned a level 3 spell: Call Canine Familiar
  2614 | D:3      | Gained mutation: You are mostly covered in large bone plates. (SH +6) [demonic ancestry]
  2614 | D:3      | Reached XP level 4. HP: 28/32 MP: 3/7
  2803 | D:3      | Noticed Sigmund
  2984 | D:3      | Found an ancient bone altar of Kikubaaqudgha.
  2987 | D:3      | Noticed a human
  2988 | D:3      | Killed a human
  3011 | D:3      | Killed Sigmund
  3011 | D:3      | Reached skill level 5 in Summonings
  3011 | D:3      | Gained mutation: You regenerate a little health from kills. [demonic ancestry]
  3011 | D:3      | Reached XP level 5. HP: 38/38 MP: 0/9
  3317 | D:4      | Noticed ceb's ghost (amateur HOFi)
  3755 | D:4      | Noticed an ogre
  3763 | D:4      | Killed an ogre
  3784 | D:4      | Found an iron altar of Okawaru.
  3790 | D:4      | Gained mutation: You have large cloven feet. [demonic ancestry]
  3790 | D:4      | Reached XP level 6. HP: 44/44 MP: 4/10
  4100 | D:4      | Noticed Menkaure
  4115 | D:4      | Killed Menkaure
  4502 | D:4      | Killed ceb's ghost
  4502 | D:4      | Reached XP level 7. HP: 35/51 MP: 2/12
  4663 | D:5      | Entered Level 5 of the Dungeon
  4663 | D:5      | Found Yqomin's Antique Weapon Emporium.
  4663 | D:5      | Noticed Pikel
  4680 | D:4      | Killed Pikel
  4861 | D:5      | Bought a jewelled falchion for 216 gold pieces
  4861 | D:5      | Identified the cursed +1 falchion of the Elven Halls {chaos, rElec Dex+3} (You bought it in a shop on level 5 of the Dungeon)
  4890 | D:5      | Noticed Dowan
  4900 | D:5      | Noticed Duvessa
  4909 | D:5      | Killed Dowan
  4995 | D:4      | Learned a level 4 spell: Summon Ice Beast
  5089 | D:4      | Killed Duvessa
  5166 | D:4      | Reached XP level 8. HP: 26/59 MP: 11/13
  5460 | D:5      | Found Leqodosi's Magic Scroll Shop.
  5506 | D:5      | Bought a scroll of identify for 24 gold pieces
  5506 | D:5      | Bought a scroll of identify for 24 gold pieces
  5506 | D:5      | Bought a scroll of identify for 24 gold pieces
  5506 | D:5      | Bought a scroll of fog for 24 gold pieces
  5506 | D:5      | Bought a scroll of magic mapping for 42 gold pieces
  5906 | D:6      | Noticed Eustachio
  5921 | D:6      | Killed Eustachio
  5954 | D:6      | Found Diwn's Magic Scroll Boutique.
  6037 | D:6      | Found a sand-covered staircase.
  6068 | Ossuary  | Entered an ossuary
  6113 | Ossuary  | Reached skill level 5 in Spellcasting
  6315 | Ossuary  | Gained mutation: You have hoof-like feet. [demonic ancestry]
  6315 | Ossuary  | Reached XP level 9. HP: 64/65 MP: 10/16
  6688 | D:6      | Found a staircase to the Ecumenical Temple.
  6705 | Temple   | Entered the Ecumenical Temple
  6882 | D:7      | Reached skill level 10 in Summonings
  6984 | D:7      | Reached skill level 1 in Polearms
  7561 | D:8      | Noticed a two-headed ogre
  7570 | D:8      | Killed a two-headed ogre
  7570 | D:8      | Reached skill level 5 in Fighting
  7570 | D:8      | Reached XP level 10. HP: 53/74 MP: 18/18
  7665 | D:8      | Found a sparkling altar of Nemelex Xobeh.
  7665 | D:8      | Found a basalt altar of Yredelemnul.
  7925 | D:8      | Reached skill level 5 in Dodging
  8393 | D:9      | Found a staircase to the Lair.
  8549 | D:9      | Found a radiant altar of Vehumet.
  8557 | D:9      | Became a worshipper of Vehumet
  8923 | D:9      | Found an ornate altar of the Wu Jian Council.
  8970 | D:10     | Entered Level 10 of the Dungeon
  8989 | D:10     | Found Mobb's Book Shoppe.
  8989 | D:10     | Noticed a two-headed ogre
  9002 | D:10     | Killed a two-headed ogre
  9017 | D:10     | Learned a level 4 spell: Summon Lightning Spire
  9163 | D:10     | Reached skill level 5 in Polearms
  9400 | D:10     | Reached skill level 1 in Air Magic
  9562 | D:10     | Noticed a centaur warrior
  9571 | D:10     | Killed a centaur warrior
  9571 | D:10     | Reached * piety under Vehumet
  9571 | D:10     | Offered knowledge of Shock by Vehumet.
  9576 | D:10     | Learned a level 1 spell: Shock
  9837 | D:11     | Found Evevvire's Food Shop.
  9849 | D:11     | Noticed cada's ghost (journeyman NaTm)
  9873 | D:11     | Killed cada's ghost
  9889 | D:11     | Found a frozen archway.
  9897 | D:11     | Reached skill level 10 in Fighting
  9897 | D:11     | Gained mutation: You are completely covered in large bone plates. (SH +8) [demonic ancestry]
  9897 | D:11     | Reached XP level 11. HP: 92/92 MP: 9/20
  9898 | D:11     | Gained mutation: When hurt, damage is shared between your health and your magic reserves. [demonic ancestry]
  9898 | D:11     | Reached XP level 12. HP: 103/103 MP: 10/21
 10008 | IceCv    | Entered an ice cave
 10019 | IceCv    | Found a transporter.
 10139 | D:11     | Learned a level 7 spell: Monstrous Menagerie
 10148 | D:11     | Noticed a six-headed hydra
 10155 | D:11     | Noticed Snorg
 10169 | D:11     | Killed Snorg
 10170 | D:11     | Killed a seven-headed hydra
 10170 | D:11     | Reached skill level 1 in Evocations
 10170 | D:11     | Reached XP level 13. HP: 93/111 MP: 4/22
 10251 | D:11     | Found a shadowy altar of Dithmenos.
 10255 | D:11     | Found a staircase to the Orcish Mines.
 10320 | D:11     | Noticed Fannar
 10341 | D:11     | Killed Fannar
 10613 | D:12     | Noticed Lejonmanen's ghost (journeyman DEEE)
 10622 | D:12     | Reached ** piety under Vehumet
 10622 | D:12     | Offered knowledge of Freeze by Vehumet.
 10661 | D:12     | Killed Lejonmanen's ghost
 10732 | D:12     | Noticed Urug
 10743 | D:12     | Killed Urug
 10901 | D:12     | Offered knowledge of Mephitic Cloud by Vehumet.
 10954 | D:12     | Found a bloodstained altar of Trog.
 11091 | D:12     | Noticed Lanoc's ghost (journeyman MiBe)
 11118 | D:12     | Killed Lanoc's ghost
 11308 | D:12     | Reached *** piety under Vehumet
 12547 | D:13     | Offered knowledge of Iskenderun's Mystic Blast by Vehumet.
 13309 | D:13     | Reached **** piety under Vehumet
 13631 | D:13     | Found a gate to the Vaults.
 13726 | D:13     | Offered knowledge of Olgreb's Toxic Radiance by Vehumet.
 14178 | D:14     | Reached skill level 5 in Air Magic
 14293 | D:14     | Got a bloodstained dagger {antimagic}
 14296 | D:14     | Identified the +12 dagger "Keon" {antimagic, rF- rC+ Str+7} (You took it off a kobold demonologist on level 14 of the Dungeon)
 14736 | D:14     | Reached skill level 5 in Evocations
 14823 | D:14     | Reached ***** piety under Vehumet
 15612 | D:14     | Found Quuham's Book Shop.
 15685 | D:15     | Entered Level 15 of the Dungeon
 15697 | D:15     | Offered knowledge of Lee's Rapid Deconstruction by Vehumet.
 15902 | D:15     | Noticed Sonja
 15906 | D:15     | Noticed Nessos
 15908 | D:15     | Killed Sonja
 15927 | D:15     | Killed Nessos
 16020 | D:15     | Gained mutation: Your flesh is heat resistant. (rF+) [demonic ancestry]
 16020 | D:15     | Reached XP level 14. HP: 107/118 MP: 7/26
 16505 | D:15     | Noticed Josephine
 16518 | D:15     | Killed Josephine
 16706 | D:15     | Found a staircase to the Depths.
 17004 | Orc:1    | Entered Level 1 of the Orcish Mines
 17296 | Orc:2    | Entered Level 2 of the Orcish Mines
 17346 | Orc:2    | Found a staircase to the Elven Halls.
 17361 | Orc:2    | Found Umouq's Food Emporium.
 17398 | Orc:2    | Noticed an orc warlord
 17599 | Orc:2    | Killed an orc warlord
 17783 | Orc:2    | Found Yceg's General Store.
 18371 | Orc:2    | Found Kaozoas's Antique Weapon Shop.
 18596 | Orc:2    | Found Gys Hali's Antique Armour Emporium.
 18618 | Orc:2    | Offered knowledge of Force Lance by Vehumet.
 18637 | Orc:2    | Bought a glowing helmet for 315 gold pieces
 18735 | Orc:2    | Found Ixziczau's Book Shop.
 19167 | D:14     | Bought a book of Summonings for 840 gold pieces
 19173 | D:14     | Learned a level 5 spell: Summon Forest
 19306 | Lair:1   | Entered Level 1 of the Lair of Beasts
 20172 | Lair:2   | Got a shimmering hand axe
 20173 | Lair:2   | Identified the +10 hand axe of Disgust {drain, Stlth+} (You found it on level 2 of the Lair of Beasts)
 20230 | Lair:2   | Noticed Prince Ribbit
 20262 | Lair:2   | Killed Prince Ribbit
 20596 | Lair:2   | Found a hole to the Spider Nest.
 20898 | Lair:2   | Found a staircase to the Swamp.
 21101 | Lair:3   | Noticed Harold
 21685 | Lair:3   | Killed Harold
 22138 | Lair:4   | Offered knowledge of Conjure Ball Lightning by Vehumet.
 23622 | Lair:6   | Entered Level 6 of the Lair of Beasts
 23761 | Lair:6   | Found a staircase to the Slime Pits.
 23838 | Lair:6   | Gained mutation: You are immune to clouds of flame. [demonic ancestry]
 23838 | Lair:6   | Reached XP level 15. HP: 92/124 MP: 4/28
 24649 | Lair:6   | Reached skill level 10 in Spellcasting
 25277 | Lair:6   | Learned a level 8 spell: Summon Horrible Things
 25839 | Lair:6   | Offered knowledge of Ozocubu's Refrigeration by Vehumet.
 26093 | Spider:1 | Entered Level 1 of the Spider Nest
 26265 | Spider:1 | Got a twitching copper amulet
 26266 | Spider:1 | Identified the amulet "Fuigok" {Spirit rN+ Str+4} (You found it on level 1 of the Spider Nest)
 26311 | Spider:1 | Noticed a ghost moth
 26340 | Spider:1 | Killed a ghost moth
 26641 | Spider:1 | HP: 4/125 [jumping spider (3)]
 26643 | Spider:1 | Slain by a jumping spider

Skill      XL: |  1  2  3  4  5  6  7  8  9 10 11 12 13 14 15 |
---------------+----------------------------------------------+-----
Stealth        | 2 3 4 |  4.0
Dodging        | 2 3 4 6 8 9 |  9.4
Fighting       | 1 2 3 4 5 10 12 13 | 13.9
Summonings     | 5 6 8 10 11 12 13 | 13.9
Spellcasting   | 3 5 6 8 9 10 | 10.0
Polearms       | 3 5 6 7 |  7.2
Air Magic      | 2 5 |  5.0
Evocations     | 1 5 8 |  8.0

Action                   |  1- 3 |  4- 6 |  7- 9 | 10-12 | 13-15 || total
-------------------------+-------+-------+-------+-------+-------++-------
Melee: Unarmed           |   120 |    58 |       |       |       ||   178
       Halberd           |       |    13 |   254 |   151 |   990 ||  1408
       Kick              |       |     8 |    41 |    29 |    65 ||   143
       Falchion          |       |       |    28 |       |       ||    28
       Bardiche          |       |       |       |       |    12 ||    12
       Hand axe          |       |       |       |       |     6 ||     6
 Cast: Summon Small Mamm |    15 |     4 |       |       |       ||    19
       Call Imp          |    28 |    31 |    14 |     1 |       ||    74
       Call Canine Famil |     1 |     9 |    28 |    13 |   109 ||   160
       Summon Ice Beast  |       |       |     4 |     7 |    75 ||    86
       Summon Lightning  |       |       |       |     4 |   174 ||   178
       Monstrous Menager |       |       |       |     2 |     7 ||     9
       Summon Forest     |       |       |       |       |    12 ||    12
Evoke: Wand              |       |       |       |       |    12 ||    12
  Use: Scroll            |       |       |    17 |     5 |    12 ||    34
       Potion            |       |       |       |     7 |     4 ||    11
 Stab: Distracted        |     1 |     3 |     7 |     3 |    29 ||    43
       Sleeping          |     1 |     1 |     4 |     2 |     3 ||    11
  Eat: Chunk             |     7 |     9 |     8 |    20 |    71 ||   115
       Ration            |       |       |     2 |       |     3 ||     5
Armor: Robe              |    40 |    12 |    33 |       |       ||    85
       Ring mail         |       |       |    14 |    48 |   374 ||   436
Dodge: Dodged            |   114 |    48 |   124 |    59 |   656 ||  1001
Block: Other             |    30 |    22 |    65 |    51 |   491 ||   659
       Rpst.: Falchion   |       |       |     4 |       |       ||     4
